 Dungeon Crawl Stone Soup version 0.29-a0-577-gafbf2c5d25 (webtiles) character file.

Game seed: 16901794777873545237

27 shoop the Insei (level 3, -4/28 HPs)
             Began as a Meteoran Transmuter on June 13, 2022.
             Slain by Grinder (6 damage)
             ... on level 3 of the Dungeon.
             The game lasted 00:02:30 (242 turns).

shoop the Insei (Meteoran Transmuter)                Turns: 242, Time: 00:02:31

Health: -4/28      AC:  2    Str: 14    XL:     3   Next: 44%
Magic:  7/8        EV: 12    Int: 14    God:
Gold:   12         SH:  0    Dex: 14    Spells: 3/7 levels left

rFire   . . .      SeeInvis .     - Unarmed
rCold   . . .      Faith    .   (no shield)
rNeg    . . .      Spirit   .   a - +0 robe
rPois   .          Reflect  .   (no helmet)
rElec   .          Harm     .   (no cloak)
rCorr   .          Rampage  .   (no gloves)
Will    .....                   (no boots)
Stlth   +.........              e - amulet of regeneration
HPRegen 0.89/turn               (no ring)
MPRegen 0.11/turn               (no ring)

@: glowing
A: sense surroundings 1, otherworldly, glowing, explore regen
a: no special abilities


You were on level 3 of the Dungeon.
You visited 1 branch of the dungeon, and saw 3 of its levels.

You collected 12 gold pieces.

Inventory:

Hand Weapons
 d - a +1 hunting sling of flaming
Missiles
 h - 6 poisoned darts
Armour
 a - a +0 robe (worn)
Jewellery
 e - an amulet of regeneration (around neck)
Scrolls
 c - a scroll of magic mapping {unknown}
 g - a scroll of enchant armour {unknown}
Potions
 b - a potion of lignification
 f - a potion of mutation {unknown}


   Skills:
 - Level 1.1 Fighting
 - Level 2.4 Dodging
 - Level 5.0 Unarmed Combat
 - Level 2.6 Spellcasting
 - Level 2.4 Transmutations
 + Level 0.2 Poison Magic


You had 3 spell levels left.
You knew the following spells:

 Your Spells              Type           Power      Damage    Failure   Level
a - Beastly Appendage     Tmut           16%        N/A       9%          1
c - Spider Form           Tmut/Pois      5%         N/A       36%         3

Your spell library contained the following spells:

 Spells                   Type           Power      Damage    Failure   Level
 Wereblood                Tmut           8%         N/A       12%         2
 Ice Form                 Ice/Tmut       5%         N/A       80%         4


Dungeon Overview and Level Annotations

Branches:
Dungeon (3/15)

Altars:

Annotations:
D:3 Grinder


Innate Abilities, Weirdness & Mutations

You passively map a small area around you.
You are easily found by Zot.
You glow in the dark.
You regain HP and MP as you explore.


Message History

Confirm with . or Enter, or press ? or * to list all spells.
The spell is extremely dangerous to miscast (36% risk of failure)!
Continue anyway?
You turn into a venomous arachnid creature.
Your +0 robe melds into your body.
Your transformation is almost over.
You climb downwards.
Level annotation: Grinder
There is a stone staircase leading up here.
Grinder misses you.
You hit Grinder but do no damage. Grinder hits you!
You writhe in agony.
You bite Grinder!
Grinder is poisoned.
Grinder is moderately wounded.
A hobgoblin comes into view.
Grinder hits you but does no damage.
You barely miss Grinder.
Grinder is moderately wounded.
The hobgoblin shouts!
Grinder barely misses you.
You bite Grinder!
Grinder looks as sick as possible!
Grinder is heavily wounded.
Grinder gestures at you. You resist with significant effort.
You closely miss Grinder.
Grinder is heavily wounded.
Grinder hits you.
You hit Grinder but do no damage.
Grinder is heavily wounded.
You hit Grinder.
Grinder looks as sick as possible!
Grinder is severely wounded.
Your transformation has ended.
Your +0 robe unmelds from your body.
Grinder hits you!
You writhe in agony.
* * * LOW HITPOINT WARNING * * *
Unknown command.
You hit Grinder.
Grinder is almost dead.
A hobgoblin comes into view.
Grinder hits you.
* * * LOW HITPOINT WARNING * * *
You writhe in agony.
You die...

* * , * #####
, #...##
*g######....#
.....g.@...#
.####.5.<#.#
....>...# ,
####...##,*
##.##* * #. *
* #. , ** ,
#. , * ** *


You could see Grinder (extremely poisoned) and 2 hobgoblins.

Vanquished Creatures
  A dart slug (D:1)
  A bat (D:1)
  2 endoplasms (D:1)
  A giant cockroach (D:1)
  2 goblins
  2 hobgoblins (D:1)
  2 jackals (D:1)
  A quokka (D:1)
  2 ball pythons (D:1)
  2 frilled lizards (D:1)
  4 kobolds (D:1)
  2 rats (D:1)
22 creatures vanquished.

Notes
Turn   | Place    | Note
-------+----------+-------------------------------------------
     0 | D:1      | shoop the Meteoran Transmuter began the quest for the Orb.
     0 | D:1      | Reached XP level 1. HP: 16/16 MP: 5/5
    76 | D:1      | Reached skill level 4 in Unarmed Combat
    77 | D:1      | Reached XP level 2. HP: 21/23 MP: 6/6
   115 | D:1      | Reached XP level 3. HP: 28/28 MP: 6/8
   164 | D:1      | Reached skill level 5 in Unarmed Combat
   182 | D:3      | Noticed Grinder
   189 | D:2      | Learned a level 3 spell: Spider Form
   242 | D:3      | Slain by Grinder

Illustrated notes

Levels and vault maps discovered:
D:1:      elethiomel_arrival_quiet, layout_rooms, st_stairs_12
D:2:      layout_basic, serial_shops, shop, uniq_terence, uniq_natasha
D:3:      layout_loops_ring, ebering_ecumenical_altar_sacrificial,
          kennysheep_crisscross, due_unseen_surprise, uniq_grinder

Skill      XL: |  1  2  3 |
---------------+----------+-----
Unarmed Combat | 4 5 |  5.0
Fighting       | |  1.1
Dodging        | |  2.4
Spellcasting   | |  2.6
Transmutations | |  2.4
Poison Magic   | |  0.2

Action                   || total
-------------------------++-------
Melee: Unarmed           ||    51
       Kick              ||     6
       Punch             ||     2
       Headbutt          ||     1
 Cast: Beastly Appendage ||     5
       Spider Form       ||     1
Armor: Robe              ||     6
       Skin              ||     1
Dodge: Dodged            ||    20

Table legend: (Time is in decaauts)
 A = Elapsed time spent in this place.
 B = Non-inter-level travel time spent in this place.
 C = Inter-level travel time spent in this place.
 D = Time resting spent in this place.
 E = Time spent auto-exploring this place.
 F = Levels seen in this place.
 G = Mean time per level.
                   A        B        C        D        E       F      G
               +--------+--------+--------+--------+--------+-----+--------+
         Total |    238 |    238 |      0 |      0 |      0 |   3 |   79.3 |
       Dungeon |    238 |    238 |      0 |      0 |      0 |   3 |   79.3 |
               +--------+--------+--------+--------+--------+-----+--------+

Top non-repeatable levels by time:
     D:1: 174 daAuts
     D:2: 53 daAuts
     D:3: 10 daAuts
